 Dungeon Crawl Stone Soup version 0.22-b1-21-g5cfc1688f2 (webtiles) character file.

6626 Pisosu the Basher (level 10, -2/90 HPs)
             Began as a Minotaur Fighter on Aug 8, 2018.
             Was a Believer of Trog.
             Slain by a white ugly thing (8 damage)
             ... on level 10 of the Dungeon.
             The game lasted 00:18:18 (9152 turns).

Pisosu the Basher (Minotaur Fighter)                Turns: 9152, Time: 00:18:19

Health: -2/90      AC: 14    Str: 25    XL:     10   Next: 72%
Magic:  9/9        EV:  8    Int:  5    God:    Trog [**....]
Gold:   529        SH:  8    Dex: 12    Spells: 9/9 levels left

rFire    . . .     SeeInvis .   a - +0 flail
rCold    . . .     Gourm    .   z - +2 buckler
rNeg     . . .     Faith    .   w - +0 chain mail (curse)
rPois    .         Spirit   .   (helmet restricted)
rElec    .         Reflect  .   D - +0 cloak
rCorr    .         Harm     .   (no gloves)
MR       +++..                  r - +0 pair of boots
Stlth    ..........             (no amulet)
HPRegen  1.25/turn              g - +3 ring of dexterity
MPRegen  0.11/turn              c - ring of protection from magic

@: regenerating
A: retaliatory headbutt, horns 2
a: Berserk, Trog's Hand, Renounce Religion


You were on level 10 of the Dungeon.
You worshipped Trog.
Trog was pleased with you.
You were hungry.

You visited 2 branches of the dungeon, and saw 11 of its levels.

You collected 529 gold pieces.

Inventory:

Hand Weapons
 a - a +0 flail (weapon)
Missiles
 C - 3 poisoned tomahawks (quivered)
Armour
 b - a +0 scale mail
 o - a +0 large shield
 r - a +0 pair of boots (worn)
 w - a cursed +0 chain mail (worn)
 z - a +2 buckler (worn)
 D - a +0 cloak (worn)
Jewellery
 c - a ring of protection from magic (right hand)
 g - a +3 ring of dexterity (left hand)
 B - an uncursed ring of magical power
 K - an uncursed ring of protection from magic
 L - the ring of the Mage {Wiz MR++ Int+3}
   (You found it on level 9 of the Dungeon)

   [ring of wizardry]

   It improves your spell success rate.
   It affects your intelligence (+3).
   It affects your resistance to hostile enchantments.
Wands
 i - a wand of polymorph (19)
 n - a wand of flame (27)
 F - a wand of digging (12)
 H - a wand of acid (10)
 J - a wand of iceblast (7)
Scrolls
 e - 2 scrolls of immolation {unknown}
 j - 4 scrolls of identify
 l - 2 scrolls of fear {unknown}
 p - a scroll of enchant armour {unknown}
 s - 7 scrolls of remove curse {unknown}
 t - 2 scrolls of magic mapping {unknown}
 v - 7 scrolls of teleportation {unknown}
 x - a scroll of amnesia {unknown}
 y - a scroll of blinking {unknown}
 E - 2 scrolls of fog {unknown}
 G - a scroll of noise {unknown}
 I - 2 scrolls of enchant weapon
Potions
 d - 3 potions of might
 h - 4 potions of flight
 k - 4 potions of curing
 m - 2 potions of resistance
 q - 2 potions of heal wounds
 u - 2 potions of magic
 A - a potion of haste
Comestibles
 f - 20 rations
 M - 4 chunks of flesh


   Skills:
 + Level 8.8 Fighting
 + Level 12.6 Maces & Flails
 + Level 10.9 Armour
 + Level 8.0 Shields


You had 9 spell levels left.
You didn't know any spells.
Your spell library was empty.

Dungeon Overview and Level Annotations

Branches:
Dungeon (10/15)            Temple (1/1) D:6
   Lair: D:8-11         Orc: D:9-12

Altars:
Cheibriados
Dithmenos
Elyvilon
Fedhas
Gozag
Hepliaklqana
Kikubaaqudgha
Nemelex Xobeh
Qazlal
Ru
Sif Muna
Trog
Uskayaw
Vehumet
Wu Jian
Yredelemnul
Zin

Shops:
D:9 *


Innate Abilities, Weirdness & Mutations

You reflexively headbutt those who attack you in melee.
You have a pair of horns on your head.


Message History

You hit the white ugly thing but do no damage.
The white ugly thing is heavily wounded.
The white ugly thing gores you! The white ugly thing freezes you!!
* * * LOW HITPOINT WARNING * * *
The gnoll hits you but does no damage. The gnoll barely misses you.
You are too injured to fight recklessly!
You are too injured to fight recklessly!
You are too injured to fight recklessly!
You are too injured to fight recklessly!
You are too injured to fight recklessly!
You are too injured to fight recklessly!
You are too injured to fight recklessly!
You are too injured to fight recklessly!
Unknown command.
You block the gnoll's attack.
Your skin crawls.
You feel resistant to hostile enchantments.
You are feeling hungry.
You block the gnoll's attack. The white ugly thing gores you!
You die...

........# ........#
........# ........#
........# ........#
.....5gg# .....Zgu#
#######@# .#######.#
.........####
............# ......
.........##.# .......
.......⌠..#.#
....................#
...............>....#
...............)...##


You could see a white ugly thing, 3 gnolls, a shadow imp and a hound zombie.

Vanquished Creatures
  Joseph (D:10)
  A troll (D:10)
  A hornet (D:7)
  4 hogs (D:7)
  A human (D:7)
  8 yaks
  A hungry ghost (D:9)
  Menkaure (D:7)
  A water moccasin (D:5)
  3 ice beasts
  An orc warrior (D:5)
  A black bear (D:8)
  2 necrophages
  6 sky beasts
  2 ogres
  A phantom (D:8)
  2 centaurs
  4 bullfrogs
  5 jellies
  3 scorpions
  6 howler monkeys
  6 crimson imps
  A centaur zombie (D:9)
  2 orc priests (D:5)
  5 hounds
  A bullfrog zombie (D:9)
  2 centaur skeletons
  2 bullfrog skeletons
  Jessica (D:3)
  Ijyb (D:3)
  An iguana (D:8)
  8 orc wizards
  5 worker ants
  A killer bee zombie (D:4)
  A howler monkey skeleton (D:4)
  Robin (D:2)
  7 gnolls
  9 adders
  2 shadow imps
  An ooze (D:4)
  An adder skeleton (D:7)
  An adder zombie (D:6)
  3 dart slugs
  A worm (D:2)
  4 leopard geckos
  23 orcs
  A ball python (D:3)
  11 bats
  5 giant cockroaches
  15 goblins
  7 hobgoblins
  10 jackals
  A quokka (D:4)
  4 frilled lizards
  7 kobolds
  A leopard gecko zombie (D:8)
  14 rats
221 creatures vanquished.

Notes
Turn   | Place    | Note
-------+----------+-------------------------------------------
     0 | D:1      | Pisosu the Minotaur Fighter began the quest for the Orb.
     0 | D:1      | Reached XP level 1. HP: 19/19 MP: 0/0
    75 | D:1      | Reached XP level 2. HP: 27/27 MP: 1/1
   706 | D:2      | Reached XP level 3. HP: 30/33 MP: 2/2
   710 | D:2      | Reached skill level 3 in Maces & Flails
   869 | D:2      | Noticed Robin
   874 | D:2      | Killed Robin
   880 | D:2      | Reached XP level 4. HP: 39/40 MP: 3/3
  1548 | D:3      | Noticed Ijyb
  1553 | D:3      | Reached skill level 4 in Maces & Flails
  1557 | D:3      | Killed Ijyb
  1557 | D:3      | Reached XP level 5. HP: 32/47 MP: 4/4
  2041 | D:3      | Noticed Jessica
  2044 | D:3      | Killed Jessica
  2044 | D:3      | Reached skill level 5 in Maces & Flails
  2289 | D:4      | Noticed a sky beast
  2294 | D:4      | Killed a sky beast
  2294 | D:4      | Reached XP level 6. HP: 53/53 MP: 5/5
  2338 | D:4      | Reached skill level 5 in Armour
  2510 | D:4      | Reached skill level 6 in Maces & Flails
  2510 | D:4      | Reached skill level 5 in Shields
  2763 | D:4      | Reached skill level 5 in Fighting
  3003 | D:5      | Entered Level 5 of the Dungeon
  3007 | D:5      | Reached XP level 7. HP: 53/61 MP: 6/6
  3304 | D:5      | Reached skill level 7 in Maces & Flails
  3545 | D:5      | Found an ancient bone altar of Kikubaaqudgha.
  3895 | D:5      | Reached XP level 8. HP: 62/69 MP: 7/7
  4035 | D:5      | Reached skill level 8 in Maces & Flails
  4803 | D:6      | Found a staircase to the Ecumenical Temple.
  4822 | Temple   | Entered the Ecumenical Temple
  4873 | Temple   | Became a worshipper of Trog the Wrathful
  4984 | D:7      | Noticed a hornet
  4990 | D:7      | Killed a hornet
  4990 | D:7      | Reached skill level 9 in Maces & Flails
  5013 | D:7      | Noticed Menkaure
  5019 | D:7      | Killed Menkaure
  5140 | D:7      | Reached XP level 9. HP: 74/78 MP: 8/8
  5292 | D:7      | Reached skill level 10 in Maces & Flails
  6345 | D:7      | Found a deep blue altar of Sif Muna.
  6345 | D:7      | Found an ancient bone altar of Kikubaaqudgha.
  6539 | D:8      | Reached skill level 11 in Maces & Flails
  6556 | D:7      | Reached * piety under Trog
  7225 | D:9      | Reached XP level 10. HP: 88/88 MP: 9/9
  7372 | D:9      | Reached ** piety under Trog
  7381 | D:9      | Reached skill level 10 in Armour
  7393 | D:8      | Reached skill level 12 in Maces & Flails
  8198 | D:9      | Found Wesomp's General Store.
  8285 | D:9      | Found the ring of the Mage {Wiz MR++ Int+3}
  8309 | D:9      | Found a deep blue altar of Sif Muna.
  8860 | D:10     | Entered Level 10 of the Dungeon
  8889 | D:10     | Noticed Joseph
  8905 | D:10     | Killed Joseph
  9139 | D:10     | Noticed a white ugly thing
  9150 | D:10     | HP: 4/90 [white ugly thing (35)]
  9152 | D:10     | Slain by a white ugly thing

Skill      XL: |  1  2  3  4  5  6  7  8  9 10 |
---------------+-------------------------------+-----
Shields        | 4 5 6 7 8 |  8.0
Fighting       | 4 5 6 7 8 |  8.8
Armour         | 4 5 6 8 9 10 | 10.9
Maces & Flails | 3 4 5 6 7 9 11 12 | 12.6

Action                   |  1- 3 |  4- 6 |  7- 9 | 10-12 || total
-------------------------+-------+-------+-------+-------++-------
Melee: Flail             |    70 |   153 |   294 |   172 ||   689
       Headbutt          |     9 |    38 |    61 |    43 ||   151
Invok: Trog's Hand       |       |       |       |     1 ||     1
  Use: Scroll            |       |       |     9 |       ||     9
  Eat: Chunk             |       |     7 |    13 |     4 ||    24
       Ration            |       |       |       |     1 ||     1
Armor: Scale mail        |    36 |    40 |       |       ||    76
       Chain mail        |       |    24 |   133 |   106 ||   263
Dodge: Dodged            |    25 |    65 |    81 |    64 ||   235
Block: Shield            |    21 |       |       |       ||    21
       Buckler           |    16 |    53 |    82 |    67 ||   218
